 Dungeon Crawl Stone Soup version 0.23-a0-143-g1adec7b (webtiles) character file.

3588 KristoblXynda the Basher (level 10, 0/56 HPs)
             Began as a Gargoyle Fighter on Sept 5, 2018.
             Was a Believer of Qazlal.
             Slain by a skeletal warrior
             ... wielding a +0 short sword
              (17 damage)
             ... on level 8 of the Dungeon.
             The game lasted 00:15:31 (7233 turns).

KristoblXynda the Basher (Gargoyle Fighter)         Turns: 7233, Time: 00:15:32

Health: 0/56       AC: 19    Str: 22    XL:     10   Next: 10%
Magic:  13/13      EV:  8    Int: 12    God:    Qazlal [**....]
Gold:   501        SH: 14    Dex: 10    Spells: 9/9 levels left

rFire    . . .     SeeInvis +   A - +4 flail (crush)
rCold    . . .     Gourm    +   c - +0 shield
rNeg     + . .     Faith    .   p - +3 scale mail {rPois}
rPois    ∞         Spirit   .   (no helmet)
rElec    +         Reflect  .   (no cloak)
rCorr    .         Harm     .   v - +0 pair of gloves
MR       .....                  (no boots)
Stlth    ..........             a - amulet of the gourmand
HPRegen  0.18/turn              d - +3 ring of intelligence
MPRegen  0.13/turn              D - ring of see invisible

@: about to teleport
A: negative energy resistance 1, electricity resistance, unbreathing,
petrification resistance, rot immunity, AC +7
a: Upheaval, Renounce Religion


You were on level 8 of the Dungeon.
You worshipped Qazlal.
Qazlal was pleased with you.
You were completely stuffed.

You visited 2 branches of the dungeon, and saw 9 of its levels.

You collected 501 gold pieces.

Inventory:

Hand Weapons
 q - a +2 whip of venom
 A - a +4 flail of crushing (weapon)
Missiles
 r - a throwing net (quivered)
 G - 5 javelins of penetration
Armour
 c - a +0 shield (worn)
 p - a +3 scale mail of poison resistance (worn)
 v - a +0 pair of gloves (worn)
Jewellery
 a - an amulet of the gourmand (around neck)
 d - a +3 ring of intelligence (left hand)
 D - a ring of see invisible (right hand)
Wands
 b - a wand of iceblast (17)
 w - a wand of paralysis (26)
Scrolls
 i - a scroll of random uselessness {unknown}
 j - 2 scrolls of fear
 k - 3 scrolls of teleportation
 l - 6 scrolls of remove curse
 m - a scroll of blinking
 u - a scroll of amnesia {unknown}
 x - a scroll of fog {unknown}
 y - a scroll of noise {unknown}
 F - a scroll of identify
Potions
 e - 2 potions of lignification
 g - a potion of heal wounds
 h - 5 potions of mutation
 n - a potion of agility
 o - a potion of magic
 s - 3 potions of curing
 t - a potion of ambrosia
 z - a potion of cancellation {unknown}
 C - a potion of invisibility
Miscellaneous
 B - a sack of spiders
Comestibles
 f - 10 rations
 E - 9 chunks of flesh


   Skills:
 - Level 3.2 Fighting
 + Level 9.2 Maces & Flails
 + Level 8.5 Armour
 + Level 8.4 Shields
 + Level 4.7 Invocations


You had 9 spell levels left.
You didn't know any spells.
Your spell library was empty.

Dungeon Overview and Level Annotations

Branches:
Dungeon (8/15)             Temple (1/1) D:7
   Lair: D:8-11

Altars:
Ashenzari
Cheibriados
Dithmenos
Elyvilon
Fedhas
Gozag
Hepliaklqana
Kikubaaqudgha
Makhleb
Nemelex Xobeh
Okawaru
Qazlal
Ru
Sif Muna
Trog
Uskayaw
Vehumet
Wu Jian
Xom
Yredelemnul
Zin
The Shining One


Innate Abilities, Weirdness & Mutations

You are resistant to torment.
Your stone body is resilient. (AC +7)
You are immune to poison.
You resist negative energy. (rN+)
You are resistant to electric shocks. (rElec)
You can survive without breathing.
You are immune to petrification.
You are immune to rotting.


Message History

The skeletal warrior is lightly damaged.
You hit the skeletal warrior.
The skeletal warrior is lightly damaged.
You block the skeletal warrior's attack.
You sock the skeletal warrior!
The skeletal warrior is heavily damaged.
You block the skeletal warrior's attack.
You completely miss the skeletal warrior.
The skeletal warrior is heavily damaged.
You block the skeletal warrior's attack.
You barely miss the skeletal warrior.
The skeletal warrior hits you but does no damage.
The skeletal warrior hits you from afar with a halberd!
There are monsters nearby!
You see here a war axe.
Unknown command.
As you read the scroll of teleportation, it crumbles to dust.
You feel strangely unstable.
The skeletal warrior hits you with a short sword!
You die...

#..+...........
#.##...........
#.##...........
#.##.........##
########.##...........
......................
########)########....#
#########.# #....#
#.z.zz@...# ##.#
#z######### # .. #. ..
##


You could see 4 skeletal warriors.

Vanquished Creatures
  An ugly thing (D:8)
  Prince Ribbit (D:8)
  A hippogriff (D:8)
  Sigmund (D:3)
  Edmund (D:6)
  2 orc warriors (D:8)
  A sky beast (D:8)
  An ice beast (D:8)
  2 centaurs (D:5)
  2 ogres (D:6)
  2 bullfrogs (D:6)
  A scorpion (D:7)
  2 water moccasin skeletons
  4 wights (D:7)
  A howler monkey (D:4)
  A crimson imp (D:5)
  2 bullfrog zombies
  2 hounds
  3 quasits
  A bullfrog skeleton (D:4)
  4 orc priests
  5 jellies
  A gnoll shaman (D:4)
  6 orc wizards
  A centaur skeleton (D:6)
  3 iguanas
  Terence (D:3)
  Ijyb (D:3)
  4 worker ants
  2 hound skeletons
  A howler monkey zombie (D:5)
  10 adders
  12 gnolls
  4 shadow imps
  An adder zombie (D:7)
  An adder skeleton (D:4)
  5 worms
  2 dart slugs (D:1)
  A leopard gecko (D:6)
  19 orcs
  A ball python (D:1)
  8 giant cockroaches
  11 hobgoblins
  8 jackals
  10 kobolds
  7 quokkas
  10 bats
  7 frilled lizards
  7 goblins
  2 jackal zombies
  A quokka zombie (D:5)
  12 rats
200 creatures vanquished.

Notes
Turn   | Place    | Note
-------+----------+-------------------------------------------
     0 | D:1      | KristoblXynda the Gargoyle Fighter began the quest for the
                  | Orb.
     0 | D:1      | Reached XP level 1. HP: 14/14 MP: 1/1
    63 | D:1      | Reached XP level 2. HP: 18/19 MP: 2/2
   340 | D:1      | Reached XP level 3. HP: 19/23 MP: 3/3
   530 | D:1      | Reached skill level 3 in Maces & Flails
  1094 | D:2      | Reached XP level 4. HP: 26/28 MP: 4/4
  1501 | D:3      | Noticed Terence
  1517 | D:3      | Killed Terence
  1550 | D:3      | Noticed Ijyb
  1584 | D:3      | Killed Ijyb
  1584 | D:3      | Reached XP level 5. HP: 32/32 MP: 5/5
  1667 | D:3      | Reached skill level 4 in Maces & Flails
  1950 | D:3      | Noticed Sigmund
  1974 | D:3      | Reached XP level 6. HP: 15/37 MP: 6/6
  2027 | D:3      | Killed Sigmund
  2027 | D:3      | Reached skill level 5 in Maces & Flails
  2359 | D:3      | Reached skill level 5 in Armour
  2359 | D:3      | Reached skill level 5 in Shields
  2710 | D:4      | Reached XP level 7. HP: 39/41 MP: 7/7
  3208 | D:4      | Found a stormy altar of Qazlal.
  3217 | D:4      | Became a worshipper of Qazlal Stormbringer
  3700 | D:5      | Entered Level 5 of the Dungeon
  3782 | D:5      | Reached skill level 6 in Maces & Flails
  4308 | D:5      | Found a sacrificial altar of Ru.
  4367 | D:5      | Reached XP level 8. HP: 25/46 MP: 8/8
  4760 | D:5      | Reached skill level 7 in Maces & Flails
  4787 | D:5      | Reached * piety under Qazlal
  5537 | D:6      | Noticed Edmund
  5570 | D:6      | Killed Edmund
  5570 | D:6      | Reached skill level 8 in Maces & Flails
  5570 | D:6      | Reached skill level 1 in Invocations
  5570 | D:6      | Reached XP level 9. HP: 47/51 MP: 9/9
  6221 | D:7      | Reached ** piety under Qazlal
  6364 | D:7      | Found a staircase to the Ecumenical Temple.
  6387 | Temple   | Entered the Ecumenical Temple
  6964 | D:8      | Noticed a brown ugly thing
  6985 | D:8      | Killed a brown ugly thing
  7109 | D:8      | Reached skill level 9 in Maces & Flails
  7130 | D:8      | Noticed Prince Ribbit
  7139 | D:8      | Reached XP level 10. HP: 44/56 MP: 13/13
  7165 | D:8      | Killed Prince Ribbit
  7219 | D:8      | Noticed a skeletal warrior
  7221 | D:8      | Noticed a skeletal warrior
  7221 | D:8      | Noticed a skeletal warrior
  7224 | D:8      | Noticed a skeletal warrior
  7233 | D:8      | Slain by a skeletal warrior

Vault maps used:
D:1:      dpeg_arrival_radiant, serial_bayou, serial_bayou_pond_d,
          serial_bayou_lagoon_a, serial_bayou_shore_b, serial_bayou_pond_b
D:2:      first_ration
D:3:      uniq_terence, uniq_sigmund, uniq_ijyb
D:4:      nicolae_qazlal_eye_of_the_storm
D:5:      nicolae_ru_great_annihilating_truth
D:6:      minmay_checkerbox, uniq_edmund
D:7:      temple_fountains
D:8:      uniq_grum, uniq_prince_ribbit1
Temple:   kilobyte_greek_temple

Skill      XL: |  1  2  3  4  5  6  7  8  9 |
---------------+----------------------------+-----
Maces & Flails | 3 4 5 6 8 9 |  9.2
Armour         | 4 5 6 8 |  8.5
Shields        | 4 5 6 8 |  8.4
Invocations    | 1 4 |  4.7
Fighting       | |  3.2

Action                   |  1- 3 |  4- 6 |  7- 9 | 10-12 || total
-------------------------+-------+-------+-------+-------++-------
Melee: Flail             |   139 |   240 |   220 |    25 ||   624
       Whip              |       |       |   308 |       ||   308
Evoke: Wand              |       |       |     2 |       ||     2
  Use: Potion            |       |     4 |       |       ||     4
       Scroll            |       |       |    13 |     1 ||    14
 Stab: Paralysed         |       |       |     7 |       ||     7
  Eat: Chunk             |     1 |     5 |    20 |     1 ||    27
       Ration            |       |       |     1 |       ||     1
Armor: Scale mail        |    90 |   165 |   213 |     9 ||   477
Dodge: Dodged            |    48 |    77 |   115 |       ||   240
Block: Shield            |    86 |   136 |   279 |    14 ||   515

Table legend:
 A = Non-vault XP
 B = Vault XP
 C = Vault XP percentage of total XP
 D = Non-vault monster count
 E = Vault monster count
 F = Vault count percentage of total count
                 A         B        C        D         E       F
            +---------+---------+-------+---------+---------+-------
      Total |    4265 |     862 |  16.8 |     185 |      15 |   7.5
            +---------+---------+-------+---------+---------+-------
        D:1 |      47 |       2 |   4.1 |      27 |       2 |   6.9
        D:2 |      54 |       0 |   0.0 |      22 |       0 |   0.0
        D:3 |     212 |     293 |  58.0 |      28 |       3 |   9.7
        D:4 |     308 |       0 |   0.0 |      22 |       0 |   0.0
        D:5 |     672 |      44 |   6.1 |      28 |       4 |  12.5
        D:6 |     739 |     240 |  24.5 |      21 |       5 |  19.2
        D:7 |     698 |       0 |   0.0 |      18 |       0 |   0.0
        D:8 |    1535 |     283 |  15.6 |      19 |       1 |   5.0
            +---------+---------+-------+---------+---------+-------
